 Dungeon Crawl Stone Soup version 0.17-a0-1667-g4ca74a1 (webtiles) character file.

35 wvc the Sneak (level 3, 0/24 HPs)
             Began as an Octopode Assassin on Aug 17, 2015.
             Slain by a bat (1 damage)
             ... on level 2 of the Dungeon.
             The game lasted 00:02:44 (1275 turns).

wvc the Sneak (Octopode Assassin)                   Turns: 1275, Time: 00:02:44

Health: 0/24       AC:  1    Str: 10      XL:     3   Next: 35%
Magic:  3/3        EV: 11    Int: 14      God:
Gold:   22         SH:  0    Dex: 12 (13) Spells: 0 memorised, 2 levels left

rFire  . . .     SeeInvis .     a - +2 dagger
rCold  + . .     Clarity  .     (no shield)
rNeg   . . .     SustAt   .     (helmet restricted)
rPois  .         Gourm    .     (no amulet)
rElec  .         Spirit   .     f - ring of protection from cold
rCorr  .         Warding  .     (no ring)
rMut   .         Stasis   .     (no ring)
MR     .....                    (no ring)
Stlth  +++++.....               (no ring)
                                (no ring)
                                (no ring)
                                (no ring)

@: not resistant to hostile enchantments, quite stealthy
A: almost no armour, amphibious, 8 rings, constrict 8, camouflage 1, gelatinous
body 1
a: no special abilities


You were on level 2 of the Dungeon.
You were not hungry.

You visited 1 branch of the dungeon, and saw 2 of its levels.

You collected 22 gold pieces.

Inventory:

Hand weapons
 a - a +2 dagger (weapon)
 b - a +0 blowgun
Missiles
 c - 17 poisoned needles
 d - 2 curare-tipped needles
Jewellery
 f - a ring of protection from cold (left tentacle)
Scrolls
 g - a scroll of remove curse {unknown}
 i - a scroll of identify {unknown}
 k - a scroll of enchant weapon {unknown}
Potions
 h - a potion of degeneration
Comestibles
 e - a bread ration


   Skills:
 - Level 2.0 Fighting
 * Level 2.4 Short Blades
 - Level 2.0 Throwing
 + Level 1.0 Dodging
 + Level 6.6 Stealth


You had 2 spell levels left.
You didn't know any spells.

Dungeon Overview and Level Annotations

Branches:
Dungeon (2/15)

Altars:


Innate Abilities, Weirdness & Mutations

You cannot wear most types of armour.
You are amphibious.
You can wear up to eight rings at the same time.
You can use your tentacles to constrict eight enemies at once.
Your skin changes colour to match your surroundings (Stealth).
Your rubbery body absorbs attacks (AC +1).


Message History

The bat hits you but does no damage. The bat closely misses you.
The kobold closely misses you.
You hit the kobold.
You kill the kobold!
The bat barely misses you.
b - a +0 blowgun (weapon)
There are no items here.
Firing (i - inventory. (,) - cycle):
c - 18 poisoned needles (quivered)
Press: ? - help, Shift-Dir - straight line, f - bat
Aim: a bat (heavily wounded)
You shoot a poisoned needle. The poisoned needle hits the bat!
The bat is poisoned.
The bat is heavily wounded.
The bat hits you but does no damage.
a - a +2 dagger (weapon)
The bat hits you but does no damage.
You barely miss the bat. Your grab misses the bat.
The bat is heavily wounded.
The bat hits you.
You die...

..#............# #.......#####
#).............# #.......#
...............######.......#
...........................##
###........................#
..†..............########.#######
###.......)...##.########........
...................)....>#######
#####.##########@###......### #
#..........b)†##......#<#
#################.##....).#[#####
'....K.....# #..#....>.#......
##########.# #..#......#..###. #
####'######.........#..^... #
#......K....#.......###.##. #
#.......................... #
#..........##...###.###.###


You could see a bat.

Vanquished Creatures
  A giant gecko (D:2)
  4 hobgoblins (D:1)
  4 jackals (D:1)
  6 kobolds
  6 bats
  A giant newt (D:1)
  5 goblins
  4 rats
31 creatures vanquished.

Notes
Turn   | Place    | Note
--------------------------------------------------------------
     0 | D:1      | wvc the Octopode Assassin began the quest for the Orb.
     0 | D:1      | Reached XP level 1. HP: 14/14 MP: 1/1
   382 | D:1      | Reached XP level 2. HP: 10/19 MP: 2/2
   385 | D:1      | Reached skill level 6 in Stealth
   898 | D:1      | Reached XP level 3. HP: 24/24 MP: 3/3
  1269 | D:2      | HP: 1/24 [bat (1)]
  1275 | D:2      | Slain by a bat

Vault maps used:
D:1:      eino_arrival_cavern_a, lemuel_old_faithful
D:2:      lemuel_doored_altar, overflow_temple_1_default,
          minmay_misc_feat_columns

Action                   || total
-------------------------++-------
Melee: Dagger            ||    58
 Fire: Blowgun           ||     1
  Use: Potion            ||     2
 Stab: Sleeping          ||    10
  Eat: Chunk             ||     1
